 Dungeon Crawl Stone Soup version 0.31-a0-1336-g7fd7ca34b5 (webtiles) character file.

Game seed: 16210014717095366358

279 tulseluper the Shield-Bearer (level 6, 0/91 HPs)
             Began as a Troll Fighter on Dec 21, 2023.
             Slain by Pikel
             ... wielding a +1 whip of flaming
              (2 damage)
             ... on level 4 of the Dungeon.
             The game lasted 00:50:26 (5137 turns).

tulseluper the Shield-Bearer (Troll Fighter)        Turns: 5137, Time: 00:50:39

Health: 0/91       AC: 27    Str: 27    XL:     6   Next: 5%
Magic:  5/5        EV:  1    Int:  4    God:
Gold:   173        SH:  7    Dex:  9    Spells: 5/5 levels left

rFire   . . .        u - +5 rapier
rCold   . . .        c - +0 kite shield
rNeg    . . .        b - melded +0 robe
rPois   +            (helmet currently unavailable)
rElec   .            (cloak currently unavailable)
rCorr   .            (gloves unavailable)
SInv    .            (boots unavailable)
Will    .....        (no amulet)
Stlth   +            C - +4 ring of protection
HPRegen 1.15/turn    (no ring)
MPRegen 0.09/turn

%: no passive effects
@: tree-form
A: stationary, stasis, torment immunity, boosted hp, large, unfitting armour,
(claws 3), regeneration 1, (shaggy fur 1), (tough skin 1)
a: no special abilities


You were on level 4 of the Dungeon.
You were a tree.
You visited 1 branch of the dungeon, and saw 4 of its levels.

You collected 173 gold pieces.

Inventory:

Hand Weapons
 a - a +0 flail
 d - a +0 scythe
 e - a +0 short sword
 f - a +0 dagger
 i - a +0 club
 k - a +0 whip
 q - a +0 sling
 u - a +5 rapier (weapon)
 v - a +0 war axe
 E - a +0 war axe
 F - a +0 falchion
 K - a +0 sling
 L - a +0 spear
 W - a +0 club
 Y - a +0 club
 Z - a +0 dagger
Missiles
 A - a throwing net (quivered)
 X - 4 stones
Armour
 b - a +0 robe (melded)
 c - a +0 kite shield (worn)
 h - a +0 robe
 j - a +0 scale mail
 m - a +0 pair of gloves
 n - a +0 ring mail
 o - a +0 kite shield
 r - an orb of wrath
 t - a +0 ring mail
 H - a +0 leather armour
 I - the +1 ring mail of the Poles {rCorr}
   (You found it on level 4 of the Dungeon)

   rCorr:     It protects you from acid and corrosion.
 M - a +0 animal skin
 N - a +0 helmet
 U - an orb of energy
Magical Staves
 s - a staff of death
 D - a staff of cold
Jewellery
 C - a +4 ring of protection (left branch)
Talismans
 G - a flux talisman
Scrolls
 x - a scroll of poison
Potions
 g - a potion of resistance
 l - a potion of degeneration {unknown}
 w - a potion of haste


   Skills:
 + Level 3.2 Fighting
 + Level 0.4 Short Blades
 + Level 2.6(3.1) Axes
 + Level 2.7(3.3) Maces & Flails
 + Level 3.1 Dodging
 + Level 0.3 Stealth
 + Level 3.3 Shields


You had 5 spell levels left.
You didn't know any spells.
Your spell library contained the following spells:

 Spells                   Type           Power      Damage    Failure   Level
 Dazzling Flash           Conj/Hex       0%         N/A       98%         3
 Mephitic Cloud           Conj/Alch/Air  0%         N/A       98%         3
 Agony                    Necr           0%         N/A       100%        5
 Silence                  Hex/Air        0%         N/A       100%        5


Dungeon Overview and Level Annotations

Branches:
Dungeon (4/15)             Temple (0/1) D:4

Altars:
Fedhas

Shops:
D:2 [

Annotations:
D:4 3 runed translucent doors, Pikel


Innate Abilities, Weirdness & Mutations

You are a tree.
Your roots penetrate the ground, keeping you stationary.
You cannot be teleported.
You are immune to unholy pain and torment.
Your maximum health is greatly increased.
Your equipment is partially melded.
You are too large for most types of armour.
((You have claws for hands.))
Your natural rate of healing is unusually fast.
((You are covered in fur. (AC +1)))
((You have tough skin. (AC +1)))


Message History

Pikel hits you but does no damage. The lemure hits you but does no damage.
You closely miss Pikel.
Pikel is moderately wounded.
Pikel hits you but does no damage. You block the lemure's attack.
Pikel hits you with a +1 whip of flaming.
* * * LOW HITPOINT WARNING * * *
Pikel burns you.
* * * LOW HITPOINT WARNING * * *
You closely miss the lemure. The lemure hits you but does no damage.
Pikel hits you with a +1 whip of flaming.
* * * LOW HITPOINT WARNING * * *
Pikel burns you.
* * * LOW HITPOINT WARNING * * *
The lemure hits you but does no damage.
You hit the lemure.
The lemure is lightly wounded.
You block Pikel's attack. The lemure hits you but does no damage.
You hit the lemure but do no damage.
The lemure is lightly wounded.
You block Pikel's attack. The lemure hits you but does no damage.
You hit the lemure.
The lemure is moderately wounded.
Pikel says, "You'll make a fine lemure."
You block Pikel's attack. You block the lemure's attack.
Pikel hits you but does no damage. The lemure hits you but does no damage.
You puncture the lemure!
The lemure is severely wounded.
Pikel hits you but does no damage. The lemure hits you but does no damage.
You hit the lemure.
The lemure is almost dead.
Pikel hits you but does no damage. The lemure hits you but does no damage.
You hit the lemure.
The lemure is almost dead.
Pikel hits you but does no damage. The lemure hits you.
* * * LOW HITPOINT WARNING * * *
Pikel hits you with a +1 whip of flaming!
* * * LOW HITPOINT WARNING * * *
Pikel burns you.
You die...
Pikel says, "See you in Hell!"

......⌠.............+..>....##.#
....................#..........#
#⌠.>.⌠.#.........#.......####
#......#.........#.......#
#..⌠.............#.......#
#.....###........#.......#
##................#.......#
+.......####+#5...#.......###
##.........# #♣K..#....)....#
#......#.##.######.........#
#...†..#.##.# #.........#
#####..#.##.# #.........#
#.......######.........#
#######.....................#
............................#
#.~~~.......................#
.~≈≈≈~##....................#


You could see Pikel and a lemure.

Vanquished Creatures
  Sigmund (D:3)
  A lemure (D:4)
  Robin (D:3)
  3 adders
  2 worms (D:2)
  4 dart slugs
  3 orcs (D:4)
  5 ball pythons
  A bat (D:2)
  5 endoplasms
  3 giant cockroaches
  14 goblins
  8 hobgoblins
  3 kobolds
  A quokka (D:1)
  5 frilled lizards
  5 rats
65 creatures vanquished.

Notes
Turn   | Place    | Note
-------+----------+-------------------------------------------
     0 | D:1      | tulseluper the Troll Fighter began the quest for the Orb.
     0 | D:1      | Reached XP level 1. HP: 22/22 MP: 0/0
   273 | D:1      | Found a faded altar of an unknown god.
   340 | D:1      | Reached XP level 2. HP: 26/29 MP: 1/1
  1584 | D:2      | Found Rucog's Antique Armour Shoppe.
  1593 | D:2      | Reached XP level 3. HP: 36/36 MP: 2/2
  2896 | D:3      | Noticed Robin
  2902 | D:3      | Reached XP level 4. HP: 44/44 MP: 3/3
  2905 | D:3      | Killed Robin
  3421 | D:3      | Reached skill level 1 in Axes
  4552 | D:3      | Noticed Sigmund
  4581 | D:3      | Killed Sigmund
  4582 | D:3      | Reached XP level 5. HP: 46/53 MP: 4/4
  4582 | D:3      | Reached XP level 6. HP: 53/61 MP: 5/5
  4640 | D:3      | Found a blossoming altar of Fedhas.
  4988 | D:4      | Found a runed translucent gate.
  4989 | D:4      | Found a runed translucent gate.
  4990 | D:4      | Found a runed translucent gate.
  5058 | D:4      | Found a staircase to the Ecumenical Temple.
  5070 | D:4      | Identified the +1 ring mail of the Poles {rCorr}
  5077 | D:4      | Noticed Pikel
  5118 | D:4      | HP: 3/61 [Pikel/+1 whip of flaming (3)]
  5137 | D:4      | HP: 2/91 [Pikel/+1 whip of flaming (7)]
  5137 | D:4      | Slain by Pikel

Illustrated notes

Levels and vault maps discovered:
D:1:      lordsloth_arrival_two_stooges, layout_basic,
          shapermc_ecumenical_altar_mp_ritualfount
D:2:      layout_basic, serial_shops, shop_fountains,
          ebering_dispersal_statue_hall, nicolae_wormholes
D:3:      layout_basic, nicolae_overflow_hidden_temple, uniq_sigmund, uniq_robin
D:4:      layout_basic, mainiacjoe_overflow_surrounded_room,
          kennysheep_slug_shrine, temple_fountains, gammafunk_ghost_necromancy,
          uniq_pikel

Skill      XL: |  1  2  3  4 |
---------------+-------------+-----
Shields        | 3 |  3.3
Maces & Flails | 2 |  2.7
Fighting       | 3 |  3.2
Axes           | 2 |  2.6
Dodging        | 3 |  3.1
Short Blades   | |  0.4
Stealth        | |  0.3

Action                     |  1- 3 |  4- 6 || total
---------------------------+-------+-------++-------
  Melee: Flail             |    73 |       ||    73
         War axe           |    31 |    48 ||    79
         Rapier            |       |    86 ||    86
    Use: Scroll            |     7 |     5 ||    12
         Potion            |       |     4 ||     4
 Armour: Robe              |    53 |   124 ||   177
         Skin              |       |    33 ||    33
  Dodge: Dodged            |    46 |    75 ||   121
  Block: Kite shield       |    26 |    76 ||   102

Table legend: (Time is in decaauts)
 A = Elapsed time spent in this place.
 B = Non-inter-level travel time spent in this place.
 C = Inter-level travel time spent in this place.
 D = Time resting spent in this place.
 E = Time spent auto-exploring this place.
 F = Levels seen in this place.
 G = Mean time per level.
                   A        B        C        D        E       F      G
               +--------+--------+--------+--------+--------+-----+--------+
         Total |   5262 |   5248 |     14 |   1140 |    104 |   4 | 1315.5 |
       Dungeon |   5262 |   5248 |     14 |   1140 |    104 |   4 | 1315.5 |
               +--------+--------+--------+--------+--------+-----+--------+

Top non-repeatable levels by time:
     D:3: 1968 daAuts
     D:2: 1533 daAuts
     D:1: 1378 daAuts
     D:4: 381 daAuts
